Cogmind - Beta 16 @@@ ROGUE MODE // 2025.11.16 @ 12:50:53 Player: beans Result: Destroyed by X-67 Chaingunner with Minigun Performance ------------- Evolutions (4) 2000 Regions Visited (6) 1200 Robots Destroyed (118) 590 Value Destroyed (3604) 3604 Prototype IDs (10) 200 Alien Tech Used (0) 0 Bonus (57) 57 TOTAL SCORE: 7651 Bonus ------- High Alert Combat Kills 57 Cogmind --------- Core Integrity 0/850 Matter 58/300 Energy 100/100 System Corruption 8% Temperature Cool (0) Movement Walking (120) Location -6/Factory Parts ------- > --- POWER (2) -------- (None) > --- PROPULSION (6) --- Advanced Myomer Leg Advanced Myomer Leg > --- UTILITY (4) ------ Machine Analyzer Transport Network Coupler Experimental Melee Analysis Suite > --- WEAPON (3) ------- Mini Assault Cannon Mini Assault Cannon > --- INVENTORY (5) ---- Experimental Thermal Generator Experimental Melee Analysis Suite Flak Gun Heavy Pick Peak State ------------ > --- POWER ------------ Deuterium Engine Micro Nuclear Core > --- PROPULSION ------- Xenon Bombardment Thruster Xenon Bombardment Thruster Xenon Bombardment Thruster Xenon Bombardment Thruster > --- UTILITY ---------- Improved Heat Sink Machine Analyzer Transport Network Coupler Hacking Suite > --- WEAPON ----------- Lightning Gun Lightning Gun Precision Grenade Launcher > --- INVENTORY -------- Hacking Suite Recalibrator Gauss Rifle Heavy Rocket Launcher Heavy Rocket Launcher [Rating: 47] Favorites ----------- Power Cooled Ion Engine Engine Cooled Ion Engine Power Core Micro Nuclear Core Propulsion Light Treads Treads Light Treads Leg Advanced Myomer Leg Flight Unit Xenon Bombardment Thruster Utility Machine Analyzer Device Heat Sink Storage Medium Storage Unit Processor Machine Analyzer Hackware Hacking Suite Weapon Autogun Energy Gun Lightning Gun Energy Cannon Heavy Particle Cannon Ballistic Gun Autogun Ballistic Cannon Light Cannon Launcher Missile Launcher Piercing Weapon Heavy Pick Build | -11 -10 -9 -9 -8 -7 -6 ------- Run | Yrd Mat Mat Min Mat Fac Fac Slots Evolved 8 | . . 2 . 2 2 2 Power 1 | . . . . 1 . . Propulsion 4 | . . . . 1 1 2 Utility 2 | . . 1 . . 1 . Weapon 1 | . . 1 . . . . Parts Attached 77 | 3 5 17 . 16 17 19 Power 8 | . 1 2 . . 3 2 Engine 3 | . . 2 . . 1 . Core 5 | . 1 . . . 2 2 Reactor . | . . . . . . . Propulsion 23 | 2 . 2 . 7 4 8 Treads 9 | 2 . 2 . 5 . . Leg 3 | . . . . 1 . 2 Wheel . | . . . . . . . Hover . | . . . . . . . Flight 11 | . . . . 1 4 6 Utility 11 | . 1 5 . . 3 2 Device 3 | . . 2 . . . 1 Storage 2 | . . 1 . . 1 . Processor 5 | . 1 2 . . 1 1 Hackware 1 | . . . . . 1 . Protection . | . . . . . . . Artifact . | . . . . . . . Weapon 35 | 1 3 8 . 9 7 7 Energy Gun 6 | . . . . 2 3 1 Energy Cannon 4 | . . . . 2 1 1 Ballistic Gun 11 | 1 1 7 . 1 . 1 Ballistic Cannon 5 | . 1 1 . 1 . 2 Launcher 8 | . 1 . . 3 3 1 Special Weapon . | . . . . . . . Impact Weapon . | . . . . . . . Slashing Weapon . | . . . . . . . Piercing Weapon 1 | . . . . . . 1 Special Melee Weapon . | . . . . . . . Unidentified Prototypes 10 | . . 2 . 2 1 5 Parts Lost 42 | . . 5 1 14 8 14 Power 6 | . . . . 2 1 3 Propulsion 19 | . . 2 1 6 3 7 Utility 2 | . . . . . 1 1 Weapon 15 | . . 3 . 6 3 3 Highest Loss Streak 8 | . . 1 1 4 8 8 To Critical Strikes . | . . . . . . . Average Backups 5 | . 2 4 10 9 4 4 Power . | . . . 1 . . . Propulsion . | . . . . . . . Utility 2 | . . 1 5 5 2 1 Weapon 2 | . 1 2 4 3 2 2 Tool/Special . | . . . . . . . Unused Backups 11 | . 1 2 . 2 2 4 Power 1 | . . 1 . . . . Propulsion 1 | . . 1 . . . . Utility 5 | . . . . . 1 4 Weapon 4 | . 1 . . 2 1 . Tool/Special . | . . . . . . . Average Slot Usage (%) 70 | . 59 86 98 62 75 50 Engine 5 | . . 9 11 5 2 . Core 2 | . 2 1 . . 7 2 Treads 13 | . 28 21 20 9 . . Flight 5 | . . . . . 24 13 Device 2 | . . 5 . . 5 . Storage 2 | . . . 11 9 . . Processor 16 | . 4 17 22 18 15 20 Hackware 1 | . . . . . 6 4 Energy Gun 1 | . . . . . 8 1 Energy Cannon 1 | . . . . 6 . . Ballistic Gun 11 | . 22 18 22 7 . . Ballistic Cannon 5 | . . 11 11 2 . 1 Launcher 1 | . 2 . . 2 . 1 Peak Build Rating 47 | 3 10 19 19 24 47 42 Average Rating 18 | 2 5 14 18 17 34 27 On Entrance 13 | . 3 10 19 18 17 24 Avg Prop Armor Cover (%) 12 | . . . . 4 10 15 Naked Turns . | . . . . . . . Heaviest Build 33 | 2 10 28 28 33 24 13 Greatest Support 60 | 40 40 40 40 60 28 16 Greatest Overweight (x) 9 | . . . 1 9 2 2 Average Overweight (x) . | . . . . . . . Largest Inventory Capacity 10 | 5 5 10 10 10 10 5 Average Capacity 6 | 5 5 5 10 10 5 5 Most Carried 10 | 3 5 10 10 10 10 5 Average Carried 5 | . 2 4 10 9 4 4 Final Capacity 10 | 5 5 10 10 10 5 5 Final Carried 10 | . 5 10 10 10 5 4 Class Distribution -------------------- 40% | Mutant 16% | Scavenger-Skirmisher 15% | Skirmisher 12% | Scavenger-Mutant 7% | Sprinter 5% | Scavenger-Sprinter Dominant Class ---------------- Mutant | -10/Materials Scavenger-Skirmisher | -9/Materials Scavenger-Skirmisher | -9/Mines Mutant | -8/Materials Sprinter | -7/Factory Mutant | -6/Factory Resources | -11 -10 -9 -9 -8 -7 -6 ----------- Run | Yrd Mat Mat Min Mat Fac Fac Matter Collected 2828 | 218 131 1075 . 616 462 326 Remotely . | . . . . . . . Salvage Created 4016 | . 243 1386 . 882 619 886 Parts 222 | . 21 65 . 46 25 65 Haulers Intercepted 10 | . . 4 . 1 3 2 Recyclers Shooed 4 | . 1 . . . 2 1 Parts Field Recycled . | . . . . . . . Retrieved Matter . | . . . . . . . Parts Self-Destructed . | . . . . . . . Prevented . | . . . . . . . Parts Restored . | . . . . . . . Kills | -11 -10 -9 -9 -8 -7 -6 ------- Run | Yrd Mat Mat Min Mat Fac Fac Combat Hostiles Destroyed 70 | . 7 22 . 18 6 17 Melee 3 | . . . . . . 3 Guns 26 | . 4 10 . 9 . 3 Cannons 16 | . . 11 . 4 . 1 AOE 24 | . 3 1 . 5 5 10 Classes Destroyed 17 | . 4 6 . 2 . 5 Worker 7 | . . . . 3 . 4 Builder 6 | . . 1 . 2 1 2 Tunneler 2 | . . 1 . . . 1 Hauler 10 | . . 4 . 1 3 2 Recycler 9 | . . 5 . 3 1 . Mechanic 2 | . 1 . . 1 . . Operator 2 | . . . . 1 1 . Watcher 10 | . 3 2 . 1 4 . Swarmer 13 | . 3 3 . 3 1 3 Cutter 4 | . . . . . . 4 Grunt 33 | . 4 12 . 10 3 4 Brawler 1 | . . . . . . 1 Duelist 3 | . . 1 . 1 1 . Sentry 12 | . . 6 . 4 1 1 Specialist 1 | . . . . . . 1 Hunter 2 | . . . . . . 2 Programmer 1 | . . . . . . 1 Best Kill Streak 9 | . 5 7 . 9 4 5 Combat Bots Only 7 | . 5 7 . 4 3 4 Max Kills in Single Turn 5 | . 2 1 . 5 2 3 Gunslinging . | . . . . . . . Exploded 3 | . 2 1 . 1 2 3 Melee 1 | . . . . . . 1 Uniques/NPCs Destroyed . | . . . . . . . Combat | -11 -10 -9 -9 -8 -7 -6 -------- Run | Yrd Mat Mat Min Mat Fac Fac Hostile Shots Fired 569 | . 37 96 5 164 59 208 Missed 208 | . 16 31 . 43 16 102 Hits 361 | . 21 65 5 121 43 106 Melee 8 | . . . . 2 . 6 Projectile 353 | . 21 65 5 119 43 100 AOE 6 | . . . 5 . . 1 Critical Strikes 9 | . . 1 . 4 1 3 Part Disruptions 2 | . . . . . . 2 Damage Taken 6279 | . 314 826 195 2159 790 1995 Core 1737 | . 43 139 31 378 287 859 Absorbed by Shields . | . . . . . . . Core Remaining (%) 65 | 100 82 . 57 31 59 . Volleys Fired 257 | . 25 78 . 75 40 39 Largest 3 | . 2 3 . 3 2 2 Hottest 150 | . 50 79 . 150 119 80 Shots Fired 512 | . 50 205 . 144 62 51 Gun 307 | . 43 124 . 73 51 16 Cannon 167 | . . 78 . 55 7 27 Launcher 38 | . 7 3 . 16 4 8 Special . | . . . . . . . Kinetic 377 | . 43 202 . 91 4 37 Thermal 37 | . . . . 24 7 6 Explosive 38 | . 7 3 . 16 4 8 Electromagnetic 60 | . . . . 13 47 . Robot Hit Streak 19 | . 8 19 . 19 9 5 Robot Miss Streak 8 | . 3 4 . 4 8 8 Penetration Max . | . . . . . . . Secondary Targets 3 | . 1 . . 2 . . Max Gunslinging Chain 1 | . 1 . . 1 . . Shots Hit Robots 285 | . 26 115 . 87 29 28 Core Hits 237 | . 14 45 . 52 26 100 Critical Kills . | . . . . . . . Critical Parts Destroyed . | . . . . . . . Critical Strikes 7 | . . 5 . 1 . 1 Blast 6 | . . 5 . 1 . . Impale 1 | . . . . . . 1 Melee Attacks 15 | . . . . . . 15 Impact . | . . . . . . . Slashing . | . . . . . . . Piercing 15 | . . . . . . 15 Sneak Attacks 3 | . . . . . . 3 Combat Hostiles 1 | . . . . . . 1 Follow-up Attacks . | . . . . . . . Damage Inflicted 10484 | . 576 1941 . 2852 1694 3421 Guns 2657 | . 290 834 . 821 564 148 Cannons 2078 | . . 972 . 736 129 241 Explosions 5297 | . 286 135 . 1294 1001 2581 Melee 451 | . . . . . . 451 Ramming 1 | . . . . 1 . . Kinetic 3663 | . 290 1806 . 1134 44 389 Thermal 842 | . . . . 225 264 353 Explosive 4002 | . 286 135 . 1294 866 1421 Electromagnetic 1525 | . . . . 198 520 807 Impact . | . . . . . . . Slashing . | . . . . . . . Piercing 451 | . . . . . . 451 Highest Corruption 7 | . . 6 6 3 . 7 Average Corruption 3 | . . 4 6 3 . 2 Corruption Purged . | . . . . . . . Corruption Blocked . | . . . . . . . Effects 47 | . . 25 2 11 . 9 Message Errors 11 | . . 7 1 2 . 1 Matter Fused 9 | . . 4 . 3 . 2 Heat Flow Errors 2 | . . 1 . 1 . . Energy Discharges 7 | . . 4 . 2 . 1 Parts Rejected 2 | . . 1 . 1 . . Data Loss (minor) 7 | . . 4 1 1 . 1 Data Loss (major) 4 | . . 2 . 1 . 1 Misfires 3 | . . 1 . . . 2 Alerts 1 | . . . . . . 1 Weapon Failures 1 | . . 1 . . . . Overload Shots . | . . . . . . . Overflow Damage 332 | . 45 . . 62 181 44 Projectiles . | . . . . . . . Explosions 305 | . 45 . . 62 181 17 Melee 27 | . . . . . . 27 Knockbacks 17 | . . 11 . 6 . . Impact . | . . . . . . . Kinetic 15 | . . 10 . 5 . . Secondary 2 | . . 1 . 1 . . Self-Inflicted Damage 688 | . 67 . . 210 239 172 Shots 19 | . 3 . . 5 5 6 Rammed 2 | . . . . 2 . . Targets Rammed 2 | . . . . 2 . . Kicked . | . . . . . . . Crushed . | . . . . . . . Highest Temperature 198 | . 3 117 . 198 170 84 Average Temperature 42 | . 3 21 . 61 43 37 Received Heat Transfer 1734 | . 96 306 . 990 201 141 Siege Activations . | . . . . . . . Martial Activations . | . . . . . . . Shielding Activations . | . . . . . . . Robots Disrupted . | . . . . . . . Combat Hostiles . | . . . . . . . Robots Corrupted 2 | . . . . . 1 1 Combat Hostiles 1 | . . . . . 1 . Parts Fried 15 | . . . . . 11 4 Impact Corruptions . | . . . . . . . Robots Melted . | . . . . . . . Combat Hostiles . | . . . . . . . Parts Melted . | . . . . . . . Heat Transferred 1133 | . . . . 333 350 450 Parts Sabotaged 4 | . . . . . . 4 Parts Stolen . | . . . . . . . Parts Stripped . | . . . . . . . Power Chain Reactions 5 | . . . . . 5 . Alert | -11 -10 -9 -9 -8 -7 -6 ------- Run | Yrd Mat Mat Min Mat Fac Fac Maximum Alert Level 3 | . . 1 . 1 1 3 Low Security (%) 63 | 100 100 41 100 88 83 35 Level 1 33 | . . 58 . 11 16 47 Level 2 1 | . . . . . . 7 Level 3 1 | . . . . . . 9 Level 4 . | . . . . . . . Level 5 . | . . . . . . . High Security . | . . . . . . . Max Security . | . . . . . . . Peak Influence 808 | . 182 277 75 232 336 808 Initial 164 | . . 60 75 17 94 164 Average 169 | . 91 183 64 130 121 285 Influence Increases 3342 | . 292 703 . 704 536 1107 Destroy 0b10 Robot/C 1400 | . 140 440 . 360 120 340 Destroy 0b10 Robot/NC 240 | . 20 65 . 60 50 45 Destroy Leader 330 | . 36 132 . 84 34 44 Successful Hack 56 | . . 13 . . 31 12 Select Force Hacks 50 | . 50 . . . . . Disable Machine 630 | . 15 15 . 30 180 390 Destroy Structure 366 | . 16 23 . 110 106 111 Partial Spotted 30 | . 15 . . . 15 . Lose Combat Pursuer 240 | . . 15 . 60 . 165 Influence Decreases 2549 | . 148 652 150 541 408 650 Entered New Map 518 | . . 84 120 28 114 172 Time Decay 1591 | . 148 518 20 373 214 318 Lost Part 420 | . . 50 10 140 80 140 Lost Ally 20 | . . . . . . 20 Squads Dispatched 15 | . 1 2 . 3 3 6 Investigation 3 | . 1 1 . . . 1 Extermination 3 | . . . . . 2 1 Reinforcement 6 | . . 1 . 1 1 3 Assault 1 | . . . . . . 1 Garrison 2 | . . . . 2 . . Intercept . | . . . . . . . Searches Triggered . | . . . . . . . Construction Impeded 1 | . . . . . . 1 Haulers Reinforced 1 | . . . . . 1 . Active Scanning Responses . | . . . . . . . Cargo Convoy Interrupts 1 | . . . . . . 1 Stealth | -11 -10 -9 -9 -8 -7 -6 --------- Run | Yrd Mat Mat Min Mat Fac Fac Distress Signals 6 | . 1 3 . 1 . 1 Communications Jammed . | . . . . . . . Distress Signals . | . . . . . . . Times Spotted 140 | . 14 33 2 33 17 41 Peak Tracking Total 14 | . 5 7 2 7 5 14 Tactical Retreats 10 | . . 1 . 3 . 6 Traps | -11 -10 -9 -9 -8 -7 -6 ------- Run | Yrd Mat Mat Min Mat Fac Fac Traps Triggered 5 | . . 3 . . 1 1 Indirectly . | . . . . . . . Trap Hack Attempts . | . . . . . . . Triggered . | . . . . . . . Disarmed . | . . . . . . . Reprogrammed . | . . . . . . . Reused . | . . . . . . . Traps Extracted . | . . . . . . . Installed . | . . . . . . . Triggered . | . . . . . . . Machines | -11 -10 -9 -9 -8 -7 -6 ---------- Run | Yrd Mat Mat Min Mat Fac Fac Machines Disabled 42 | . 1 1 . 2 12 26 Max in Single Turn 9 | . 1 1 . 1 4 9 Machines Repaired . | . . . . . . . Machines Dismantled . | . . . . . . . Machines Sabotaged 1 | . 1 . . . . . Overloaded Fab Kills . | . . . . . . . Hacking | -11 -10 -9 -9 -8 -7 -6 --------- Run | Yrd Mat Mat Min Mat Fac Fac Machines Accessed 14 | . 1 6 . . 3 4 Terminals 5 | . 1 4 . . . . Fabricators 3 | . . . . . 1 2 Repair Stations . | . . . . . . . Recycling Units 2 | . . 2 . . . . Scanalyzers 4 | . . . . . 2 2 Garrison Access . | . . . . . . . Total Hacks 24 | . 1 15 . . 3 5 Successful 10 | . 1 4 . . 3 2 Failed 14 | . . 11 . . . 3 Catastrophic 1 | . . 1 . . . . Database Lockouts . | . . . . . . . Manual 2 | . 1 1 . . . . Terminals 11 | . 1 10 . . . . Fabricators 4 | . . . . . 1 3 Repair Stations . | . . . . . . . Recycling Units 5 | . . 5 . . . . Scanalyzers 4 | . . . . . 2 2 Garrison Access . | . . . . . . . Terminal Hacks 2 | . . 2 . . . . Robot Analysis 1 | . . 1 . . . . Repair Station Index 1 | . . 1 . . . . Fabricator Hacks 2 | . . . . . 1 1 Network Status 1 | . . . . . 1 . Build 1 | . . . . . . 1 Repair Station Hacks . | . . . . . . . Recycling Unit Hacks 2 | . . 2 . . . . Process 1 | . . 1 . . . . Retrieve Components 1 | . . 1 . . . . Scanalyzer 3 | . . . . . 2 1 Retrieve Study 3 | . . . . . 2 1 Garrison Access Hacks . | . . . . . . . Unauthorized Hacks 1 | . 1 . . . . . Terminals 1 | . 1 . . . . . Sabotage 1 | . 1 . . . . . Fabricators . | . . . . . . . Repair Stations . | . . . . . . . Recycling Units . | . . . . . . . Scanalyzers . | . . . . . . . Garrison Access . | . . . . . . . Data Cores Recovered . | . . . . . . . Used . | . . . . . . . Hacking Detections 8 | . . 4 . . 2 2 Full Trace Events 3 | . . 2 . . . 1 Feedback Events 1 | . . . . . . 1 Corruption 1 | . . . . . . 1 Feedback Blocked . | . . . . . . . Robot Schematics Acquired . | . . . . . . . Robots Built 2 | . . . . . . 2 Authchips . | . . . . . . . Time 40 | . . . . . . 40 Total Robot Build Rating 2 | . . . . . . 2 Part Schematics Acquired . | . . . . . . . Parts Built . | . . . . . . . Authchips . | . . . . . . . Time . | . . . . . . . Total Part Build Rating . | . . . . . . . Part Studies Acquired 3 | . . . . . 2 1 Parts Repaired . | . . . . . . . Time . | . . . . . . . Parts Recycled . | . . . . . . . Recycled Matter 179 | . . 179 . . . . Retrieved Matter . | . . . . . . . Retrieved Components 1 | . . 1 . . . . Parts Scanalyzed . | . . . . . . . Part Schematics Acquired . | . . . . . . . Parts Damaged . | . . . . . . . Bothacking | -11 -10 -9 -9 -8 -7 -6 ------------ Run | Yrd Mat Mat Min Mat Fac Fac Used RIF Installer . | . . . . . . . Robots Hacked . | . . . . . . . Non-combat . | . . . . . . . Combat . | . . . . . . . Robot Hacks Applied . | . . . . . . . Relay Couplers Released . | . . . . . . . Fabnet Peak Effective % . | . . . . . . . Robots Rewired . | . . . . . . . Allies Hacked . | . . . . . . . Hacks Repelled . | . . . . . . . Allies | -11 -10 -9 -9 -8 -7 -6 -------- Run | Yrd Mat Mat Min Mat Fac Fac Total Allies 2 | . . . . . . 2 Largest Group 2 | . . . . . . 2 Highest-Rated Group 16 | . . . . . . 16 Highest-Rated Ally 8 | . . . . . . 8 Total Orders 1 | . . . . . . 1 COLLECT 1 | . . . . . . 1 Ally Attacks . | . . . . . . . Total Damage . | . . . . . . . Kills . | . . . . . . . Allies Corrupted . | . . . . . . . Allies Melted . | . . . . . . . Intel | -11 -10 -9 -9 -8 -7 -6 ------- Run | Yrd Mat Mat Min Mat Fac Fac Active Infowar (turns) 3384 | . 50 1207 56 902 458 711 T.N.C. 2769 | . . 778 56 902 458 575 Machine Analysis 3384 | . 50 1207 56 902 458 711 Robot Analysis Total 1 | . . 1 . . . . Derelict Logs Recovered 1 | . . . 1 . . . Drone Launches . | . . . . . . . Drone Recoveries . | . . . . . . . Exploration | -11 -10 -9 -9 -8 -7 -6 ------------- Run | Yrd Mat Mat Min Mat Fac Fac Turns Passed 4003 | 43 403 1430 56 902 458 711 Spaces Moved 3019 | 36 195 709 35 310 766 968 Core 41 | 18 . . . 19 . 4 Treads 1242 | 18 195 709 35 285 . . Legs 6 | . . . . 6 . . Wheels . | . . . . . . . Hover . | . . . . . . . Flight 1730 | . . . . . 766 964 Fastest Speed 24 | 50 160 160 160 160 31 24 Average Speed 92 | 105 160 160 164 209 34 35 Slowest Speed 500 | 160 160 160 240 500 200 150 Overloaded Moves 13 | . . . . . . 13 Propulsion Burnouts . | . . . . . . . Robots Hopped 6 | . . . . . . 6 Potential Cave-ins 6 | . . . . . . 6 Cave-ins Triggered . | . . . . . . . Exploration Rate (%) 31 | 3 44 66 14 38 28 24 Regions Visited 6 Branch Regions 1 Pre-discovered Areas 1 | . . . 1 . . . Known Exits Taken . | . . . . . . . Unknown Exits Taken 6 | 1 1 1 1 1 1 . Scrap Searched . | . . . . . . . Spaces Dug 11 | . . . . 2 7 2 Terrain Destroyed 389 | . 17 18 . 126 99 129 Melee . | . . . . . . . Projectile 28 | . . . . 20 . 8 AOE 361 | . 17 18 . 106 99 121 Terrain Rammed . | . . . . . . . Walls Destroyed . | . . . . . . . Machines Disabled . | . . . . . . . Actions | -11 -10 -9 -9 -8 -7 -6 --------- Run | Yrd Mat Mat Min Mat Fac Fac Total 3750 | 41 236 848 34 447 898 1246 Wait 243 | . 2 14 . 8 55 164 Move 3002 | 35 194 708 34 309 765 957 Hop 5 | . . . . . . 5 Pick Up 54 | 3 9 13 . 16 5 8 Fast Attach 39 | . . 12 . 5 7 15 Attach 46 | 3 3 3 . 15 11 11 Detach 16 | . . . . 4 5 7 Swap 20 | . 2 7 . 5 2 4 Drop 36 | . 1 13 . 8 8 6 Fire 257 | . 25 78 . 75 40 39 Melee 15 | . . . . . . 15 Ram . | . . . . . . . Kick . | . . . . . . . Crush 2 | . . . . 2 . . Escape Stasis 15 | . . . . . . 15 Rewire . | . . . . . . . Trap . | . . . . . . . Miscellaneous . | . . . . . . . Route ------- -11/Scrapyard -10/Materials -9/Materials (discovered 3 exits: [*Mat x2] / [*Min]) -9/Mines -8/Materials -7/Factory -6/Factory (discovered 1 exit: [*Fac]) History --------- Turn | Location | Event 5 | -11/Scrapyard | Discovered new exit (range 16) 44 | -11/Scrapyard | Entered Materials 321 | -10/Materials | Build established: Mutant 421 | -10/Materials | Discovered new exit (range 9) 447 | -10/Materials | Entered another Materials area 447 | -9/Materials | Evolved 2 slots: Utility x1, Weapon x1 955 | -9/Materials | Destroyed 7 combat bots 1201 | -9/Materials | Discovered new exit (range 15) 1495 | -9/Materials | Discovered new exit (range 5) 1654 | -9/Materials | Build established: Scavenger-Skirmisher 1663 | -9/Materials | Discovered new exit (range 5) 1877 | -9/Materials | Entered Mines 1922 | -9/Mines | Learned location of Zion (-6) 1928 | -9/Mines | Assembled infested the area 1929 | -9/Mines | Discovered new exit (range 4) 1933 | -9/Mines | Entered Materials 1933 | -8/Materials | Evolved 2 slots: Power x1, Propulsion x1 2084 | -8/Materials | Lost 4 parts (1n3w) 2642 | -8/Materials | Garrison activated, responded to threat 2665 | -8/Materials | Core integrity fell below 50% 2700 | -8/Materials | Lost 3 parts (1n2w) 2774 | -8/Materials | Discovered new exit (range 7) 2835 | -8/Materials | Entered Factory 2835 | -7/Factory | Evolved 2 slots: Propulsion x1, Utility x1 3241 | -7/Factory | Lost 8 parts (1p3n1u3w) 3287 | -7/Factory | Discovered new exit (range 15) 3293 | -7/Factory | Entered another Factory area 3293 | -6/Factory | Evolved 2 slots: Propulsion x2 3348 | -6/Factory | Fabricated R-06 Scavenger (x2) 3407 | -6/Factory | Discovered new exit (range 12) 3467 | -6/Factory | Build established: Mutant 3842 | -6/Factory | Cargo convoy interrupted 3880 | -6/Factory | Core integrity fell below 50% 3904 | -6/Factory | Core integrity fell below 20% 3906 | -6/Factory | Lost 8 parts (1p3n1u3w) 3974 | -6/Factory | Found Prototype Processor 3976 | -6/Factory | Found Prototype Processor 3976 | -6/Factory | Identified Exp. Melee Analysis Suite (x2) 3993 | -6/Factory | First assault squad dispatched 4004 | -6/Factory | Destroyed by X-67 Chaingunner with Minigun Last Messages --------------- R-10 Processor collects Prototype Impact Weapon. ALERT: Unidentified disturbance in Zone 7E, assault force dispatched. U-05 Engineer lays Concrete. K-01 Serf collects debris. U-05 Engineer lays Concrete. K-01 Serf collects debris. U-05 Engineer lays Concrete. K-01 Serf collects debris. K-01 Serf destroyed. U-05 Engineer lays Concrete. K-01 Serf collects debris. R-10 Processor collects Corrupted PD Laser. U-05 Engineer lays Concrete. VTOL Module destroyed. U-05 Engineer lays Concrete. R-10 Processor collects Lgt. Ion Engine. K-01 Serf collects debris. ALERT: Construction progress impeded, dispatching reinforcements to local area. Map ----- +----------------------------------------------------+ | ???# ###########???##/=% ???? | | ???# # ????## = ????? | | ???# # """ """????# = """ ???? | | #### + """ """????#% """ ???? | | !!! # """ """????# "" ????? | | !!! #* ???### ###?????????? | | !!! =! #####"########## #???????????? | | =! #???????????? | | = % % % % +?""????????? | | % #?""????????? | | ! #?"""?"""???? | | % ! #?"""??Y"???? | | ##################x ] #?"""?"""???? | | ?????????????????#p & k RR #???????????? | | ?????????????????# #???????????? | | ?????????????????# #???????????? | | ?????????????????# #???????????? | | ?????????????????# u#???????????? | | ?????????????????# ##??????????? | | ##???????????????# % ;#??????????? | | #???????????????# uk ;#??????????? | | #??????????? #% """ %! ????????? | | #??????""""?? + """ R% ????????? | | #??????""""?????# """ p ????????? | | #??????""""?????# ????????? | | #??????""""?????# @ ????????? | | #???????????????# ########### #####?????????? | | #???????????????# #?????????? #?????????????? | | #???????????????# #??????????+??????????????? | | #???????????????# #?????????????????????????? | | #???????????????# #?????????????????????????? | | #???????????????# #?????????????????????????? | | ##???????????????# #?????????????????????????? | | ?????????????????# #?????????????????????????? | | ?????????????????# #?????????????????????????? | | ?????????????????# ?????????????????????T????? | | ?????????????????# ??????????????????????????? | | ????????????????? ??????????????????????????? | | ?????????????????# ??????????????????????????? | | ?????????????????# ??????????????????????????? | | ?????????????????? ??????????????????????????? | | ???????????????????? ??????????????????????????? | | ?????????????????????????????????????????????????? | | ?????????????????????????????????????????????????? | | ?????????????????????????????????????????????????? | | ?????????????????????????????????????????????????? | | ?????????????????????????????????????????????????? | | ?????????????????????????????????????????????????? | | ?????????????????????????????????????????????????? | | ??????????????????????????????????????????????#### | +----------------------------------------------------+ Best States ------------- Heat Dissipation 48 Energy Generation 25 Energy Capacity 460 Matter Stores 300 Matter Capacity 300 Sight Range 16 Terrain Scan Density 10 Evasion (%) 64 Targeting Accuracy 5 Melee Accuracy 12 Recoil Reduction 3 Salvage Targeting 2 Offensive Hacking 10 Item Schematics ----------------- None Robot Schematics ------------------ None Fabricated ------------ R-06 Scavenger | x2 | -6/Factory | Preloaded Repaired ---------- Nothing Studied --------- Xenon Bombardment Thruster | -7/Factory | Hacked Lightning Gun | -7/Factory | Hacked Mic. Nuclear Core | -6/Factory | Hacked Alien Tech Used ----------------- None Achievements -------------- None Challenges ------------ None Game ------ Seed AbsorptionControlSink Manual? 0 Play Time 00:43:41 Cumulative 215.1 hours Start 2025.11.15 @ 10:29:53 End 2025.11.16 @ 12:50:53 Sessions 2 Manual Loads 0 Difficulty Rogue Special Mode None Game No. 611 Rogue 610 Adventurer 1 Explorer 0 Win Type - Total 0 Types 0/0/0/0/0/0/0/0/0/0 Lore% 65 Gallery% 62 Achievement% 38 Wizard Run 0 Options --------- Layout 1 ASCII 0 Keyboard 0 Movement Mouse Keybinds 0 Fullscreen 1 Font 24/Smallcaps Map View 50x35 Zoom Use 0% Tactical HUD 0 Map Filters NONE Filters NONE Steam 1 RUN: fb1ddb47-65b0-452a-aa6b-bb40fc77d817